 Dungeon Crawl Stone Soup version 0.16-a0-4020-g6ff35b5 (console) character file.

69 mudo the Insei (level 4, -3/32 HPs)
             Began as a Vampire Transmuter on Feb 17, 2015.
             Killed by nerve-wracking pain
             ... invoked by an orc priest
              (13 damage)
             ... on level 3 of the Dungeon.
             The game lasted 00:07:10 (1672 turns).

mudo the Insei (Vampire Transmuter)                 Turns: 1672, Time: 00:07:10

Health: -3/32      AC:  2    Str:  9    XL:     4   Next: 2%
Magic:  4/7        EV: 20    Int: 16    God:
Gold:   49         SH:  0    Dex: 19    Spells: 2 memorised, 3 levels left

rFire  . . .     SeeInvis +       - Unarmed
rCold  . . .     Clarity  .     c - melded +0 robe
rNeg   . . .     SustAb   .     (shield currently unavailable)
rPois  x         Gourm    .     h - melded +0 helmet
rElec  .         Spirit   .     (cloak currently unavailable)
rCorr  .         Warding  .     (gloves currently unavailable)
rMut   .         Stasis   .     (boots currently unavailable)
MR     .....                    (no amulet)
Stlth  ++........               (no ring)
                                (no ring)

@: spider-form (expiring), regenerating quickly, not resistant to hostile
enchantments, unstealthy
A: bottle blood, (fangs 0), see invisible, (unbreathing)
a: End Transformation


You were on level 3 of the Dungeon.
You were full.
You were a venomous arachnid creature.
You visited 1 branch of the dungeon, and saw 3 of its levels.

You collected 49 gold pieces.


   Skills:
 - Level 1.0 Fighting
 - Level 2.2 Dodging
 + Level 5.2 Unarmed Combat
 - Level 2.0 Spellcasting
 - Level 2.5 Transmutations


You had 3 spell levels left.
You knew the following spells:

 Your Spells              Type           Power        Failure   Level  Hunger
a - Beastly Appendage     Trmt           #.....       24%         1    #......
c - Spider Form           Trmt/Pois      #.........   61%         3    ###....


Dungeon Overview and Level Annotations

Branches:
Dungeon (3/15)

Altars:
Qazlal


Innate Abilities, Weirdness & Mutations

Your natural rate of healing is unusually fast.
You can bottle blood from corpses.
((You have razor-sharp teeth.))
You have supernaturally acute eyesight.
((You can survive without breathing.))

Inventory:

Missiles
 b - 12 arrows
Armour
 c - a +0 robe (melded)
 h - a +0 helmet (melded)
 k - a +0 shield
Scrolls
 e - 4 scrolls of identify {unknown}
 f - 2 scrolls of enchant weapon {unknown}
 g - a scroll of remove curse {unknown}
 j - a scroll of recharging {unknown}
Potions
 a - 8 potions of blood {@*1}
 i - a potion of restore abilities {unknown}
 l - a potion of cancellation {unknown}
 m - a potion of curing {unknown}
Books
 d - a book of Changes

   Spells                             Type                      Level
   a - Beastly Appendage              Transmutation                1
   b - Sticks to Snakes               Transmutation                2
   c - Spider Form                    Transmutation/Poison         3
   d - Ice Form                       Ice/Transmutation            4
   e - Blade Hands                    Transmutation                5


Message History

You kill the orc!
You have reached level 4!
The orc priest shouts!
You see here an orc corpse.
Casting: Beastly Appendage You turn into a venomous arachnid creature.
Your transformation is almost over.
You see here an orc corpse.
You closely miss the orc priest. The orc priest completely misses you.
You closely miss the orc priest.
The orc priest calls down the wrath of Beogh upon you.
Something smites you!
The orc wizard shouts!
You hit the orc priest but do no damage.
The orc priest is poisoned.
The orc priest calls down the wrath of Beogh upon you.
Something smites you!
The orc priest mumbles some strange prayers to Beogh against you.
Pain shoots through your body!
You die...

#.........o#
#.# o#
##.######o# .#
%.........# o#
.#.######.# .#
#.########.#
#..o.......#
#.%#########
#.######.s#####
..........<...#
########.####>#
######.# #
#......#
#.##.#.#
#.##'###
#.#{{{# #.+{{{+


You could see an orc priest and an orc wizard.

Action                   |  1- 3 |  4- 6 || total
-------------------------+-------+-------++-------
Melee: Unarmed           |   115 |     3 ||   118
 Cast: Beastly Appendage |     1 |       ||     1
       Spider Form       |       |     1 ||     1
 Stab: Sleeping          |     1 |       ||     1
  Eat: Corpse            |    10 |       ||    10

Vault maps used:
D:1:      mrwooster_arrival_arrow, minmay_misc_feat_nine_boxes,
          grunt_decor_one_mirror
D:2:      lemuel_upstairs_altar, grunt_ministairs_1,
          nicolae_qazlal_eye_of_the_storm
D:3:      makhleb_blood_cavern_becter, portal_sewer_entry_e, minmay_liquid_box,
          nicolae_ru_path_of_blood

Vanquished Creatures
  2 adders (D:2)
  A giant mite (D:1)
  A giant gecko (D:1)
  An ooze (D:2)
  An orc (D:3)
  6 bats
  3 giant cockroaches
  6 hobgoblins
  A quokka (D:2)
  2 giant newts
  5 goblins
  5 kobolds
  6 rats
40 creatures vanquished.

Vanquished Creatures (others)
  An adder (D:2)
1 creature vanquished.

Grand Total: 41 creatures vanquished

Table legend:
 A = Kills in this place as a percentage of kills in entire the game.
 B = Kills by you in this place as a percentage of kills by you in the entire game.
 C = Kills by friends in this place as a percentage of kills by friends in the entire game.
 D = Other kills in this place as a percentage of other kills in the entire game.
 E = Experience gained in this place as a percentage of experience gained in the entire game.
 F = Experience gained in this place divided by the number of levels of this place that you have seen.
                   A       B       C       D       E      F
               +-------+-------+-------+-------+-------+----------------------
         Total | 100.0 | 100.0 |  -nan |  -nan | 100.0 |  33.0
       Dungeon | 100.0 | 100.0 |  -nan |  -nan | 100.0 |  33.0
               +-------+-------+-------+-------+-------+----------------------

Table legend:
 A = Turns spent in this place as a percentage of turns spent in the entire game.
 B = Non-inter-level travel turns spent in this place as a percentage of non-inter-level travel turns spent in the entire game.
 C = Inter-level travel turns spent in this place as a percentage of turns spent in this place.
 D = Turns resting spent in this place as a percentage of non-inter-level travel turns spent in this place.
 E = Turns spent auto-exploring this place as a percentage of non-inter-level travel turns spent in this place.
 F = Non-inter-level travel turns spent in this place divided by the number of levels of this place that you've seen.
                   A       B       C       D       E      F
               +-------+-------+-------+-------+-------+----------------------
         Total | 100.0 | 100.0 |   0.4 |   1.1 |  11.8 | 158.0
       Dungeon | 100.0 | 100.0 |   0.4 |   1.1 |  11.8 | 158.0
               +-------+-------+-------+-------+-------+----------------------

Notes
Turn   | Place    | Note
--------------------------------------------------------------
     0 | D:1      | mudo, the Vampire Transmuter, began the quest for the Orb.
     0 | D:1      | Reached XP level 1. HP: 14/14 MP: 3/3
    39 | D:1      | Reached skill level 1 in Fighting
   281 | D:1      | Reached XP level 2. HP: 21/21 MP: 4/4
   362 | D:1      | Reached skill level 4 in Unarmed Combat
   866 | D:2      | Reached XP level 3. HP: 19/26 MP: 6/6
  1096 | D:2      | Found a stormy altar of Qazlal.
  1100 | D:2      | ew
  1346 | D:2      | Reached skill level 5 in Unarmed Combat
  1641 | D:3      | Learned a level 3 spell: Spider Form
  1663 | D:3      | Reached XP level 4. HP: 32/32 MP: 7/7
  1672 | D:3      | Killed from afar by an orc priest
